 Dungeon Crawl Stone Soup version 0.27-a0-1136-g0b992a5a9d (webtiles) character file.

Game seed: 13878422019620866432

160 1player the Bolt Thrower (level 5, -8/33 HPs)
             Began as a Kobold Hunter on May 4, 2021.
             Was an Initiate of Okawaru.
             Mangled by an orc warrior
             ... wielding a +0 glaive
              (16 damage)
             ... on level 4 of the Dungeon.
             The game lasted 00:06:50 (5192 turns).

1player the Bolt Thrower (Kobold Hunter)            Turns: 5192, Time: 00:06:50

Health: -8/33      AC:  3    Str:  9    XL:     5   Next: 69%
Magic:  5/5        EV: 15    Int: 12    God:    Okawaru [......]
Gold:   68         SH:  0    Dex: 17    Spells: 4/4 levels left

rFire    . . .     SeeInvis .   b - +1 dagger (venom)
rCold    . . .     Faith    .   (shield restricted)
rNeg     . . .     Spirit   .   c - +0 leather armour
rPois    .         Reflect  .   (no helmet)
rElec    .         Harm     .   (no cloak)
rCorr    .         Rampage  .   (no gloves)
Will     .....                  (no boots)
Stlth    ++........             (no amulet)
HPRegen  0.11/turn              (no ring)
MPRegen  0.09/turn              (no ring)

@: confused
A: small, no large weapons, nightstalker 3
a: Renounce Religion


You were on level 4 of the Dungeon.
You worshipped Okawaru.
Okawaru was noncommittal.
You visited 2 branches of the dungeon, and saw 5 of its levels.

You collected 68 gold pieces.

Inventory:

Hand Weapons
 a - a +1 hand crossbow
 b - a +1 dagger of venom (weapon)
 p - a +0 short sword
Missiles
 d - 52 bolts
Armour
 c - a +0 leather armour (worn)
Jewellery
 f - a ring of fire
Scrolls
 e - 2 scrolls of noise {unknown}
 g - a scroll of amnesia {unknown}
 j - a scroll of teleportation {unknown}
 k - a scroll of blinking {unknown}
 m - a scroll of enchant weapon {unknown}
 o - a scroll of identify {@r1}
Potions
 h - 3 potions of attraction
 l - a potion of curing {@q1}
 n - a potion of berserk rage


   Skills:
 + Level 3.7 Fighting
 + Level 5.9 Crossbows
 + Level 4.2 Dodging
 - Level 2.0 Stealth


You had 4 spell levels left.
You didn't know any spells.
Your spell library was empty.

Dungeon Overview and Level Annotations

Branches:
Dungeon (4/15)             Temple (1/1) D:4

Altars:
Ashenzari
Cheibriados
Dithmenos
Fedhas
Gozag
Hepliaklqana
Kikubaaqudgha
Makhleb
Nemelex Xobeh
Okawaru
Ru
Trog
Uskayaw
Vehumet
Wu Jian
Xom
Yredelemnul
Zin
The Shining One

Annotations:
D:2 1 runed translucent door, Crazy Yiuf


Innate Abilities, Weirdness & Mutations

You are small and have problems with some larger weapons.
You are completely attuned to the shadows.


Message History

The orc wizard looks as sick as possible!
The orc wizard is severely wounded.
The orc wizard points at you and mumbles some strange words.
You are confused.
You're too confused to move!
You kill the orc wizard!
Okawaru accepts your kill.
You're too confused to move!
An orc wizard comes into view. It is wielding a +0 dagger.
The orc warrior shouts!
The orc wizard shouts!
Things that are here:
a +0 dagger; a +0 robe The orc warrior hits you from afar with a +0 glaive!
You bump into the rock wall.
A phantom comes into view.
The orc warrior closely misses you. The orc wizard casts a spell at you.
You are more confused.
You closely miss the orc wizard. The orc warrior misses you.
The orc wizard hits you but does no damage.
You hit the orc wizard but do no damage.
The orc wizard is poisoned.
The orc warrior barely misses you.
The orc wizard points at you and mumbles some strange words.
You resist with some effort.
You hit the orc wizard but do no damage.
The orc wizard looks as sick as possible!
The orc wizard is lightly wounded.
The orc warrior closely misses you.
The orc wizard points at you and mumbles some strange words.
You resist with some effort. The phantom hits you!
The phantom blinks!
You blink.
The phantom hits you!
* * * LOW HITPOINT WARNING * * *
The phantom blinks!
You blink.
The orc warrior misses you.
Things that are here:
a +0 dagger; a +0 robe You bump into the rock wall.
The orc warrior hits you from afar with a +0 glaive!
You die...

#........# #(.# #..####
#..# #.....# #(.# #.###.#
#(.# #.#.. #..# #.#.# #.o#
#.#.# #W.# #.#.###
#o@####.#...# #.........#.#
#.#####.#.#.# #......<#.#.#
#####################.#.#.#
......................#.#.#
#######################.#.#
#.......#.# #.........#


You could see an orc warrior, a phantom and an orc wizard (extremely poisoned).

Vanquished Creatures
  2 orc wizards (D:4)
  5 adders
  A dart slug (D:1)
  10 orcs
  5 bats
  6 endoplasms
  A giant cockroach (D:2)
  7 goblins
  2 hobgoblins
  A quokka (D:3)
  2 ball pythons
  2 frilled lizards
  4 kobolds
  4 rats
52 creatures vanquished.

Notes
Turn   | Place    | Note
-------+----------+-------------------------------------------
     0 | D:1      | 1player the Kobold Hunter began the quest for the Orb.
     0 | D:1      | Reached XP level 1. HP: 12/12 MP: 1/1
   138 | D:1      | Reached XP level 2. HP: 16/18 MP: 2/2
   287 | D:1      | Found a faded altar of an unknown god.
   300 | D:1      | Reached skill level 5 in Crossbows
   787 | D:2      | Reached XP level 3. HP: 22/22 MP: 3/3
  1245 | D:2      | Found a runed translucent door.
  1248 | D:2      | Noticed Crazy Yiuf
  1844 | D:3      | Reached XP level 4. HP: 28/28 MP: 4/4
  2363 | D:3      | Found a shadowy altar of Dithmenos.
  2797 | D:3      | Found a glowing golden altar of the Shining One.
  3585 | D:4      | Noticed a necrophage
  4094 | D:3      | Reached XP level 5. HP: 17/32 MP: 5/5
  4421 | D:4      | HP: 1/32 [poisoned by an orc wizard]
  4801 | D:4      | Found a staircase to the Ecumenical Temple.
  4807 | Temple   | Entered the Ecumenical Temple
  5028 | Temple   | Became a worshipper of Warmaster Okawaru
  5143 | D:4      | Noticed an orc warrior
  5186 | D:4      | Noticed a phantom
  5192 | D:4      | Mangled by an orc warrior

Illustrated notes

Levels and vault maps discovered:
D:1:      minmay_arrival_diagonal_passages, layout_basic,
          shapermc_ecumenical_altar_mp_highgroup, roderic_roman_lattice
D:2:      layout_loops_ring, uniq_crazy_yiuf_cottage
D:3:      layout_basic, nicolae_tso_carved_into_rock,
          nicolae_dithmenos_shadow_blocks
D:4:      layout_basic, overflow_temple_1_default,
          minmay_temple_entry_enclosed_plants, gammafunk_ghost_grave
Temple:   bh_familiar_temple

Skill      XL: |  1  2  3  4  5 |
---------------+----------------+-----
Crossbows      | 5 |  5.9
Stealth        | 2 |  2.0
Dodging        | 3 4 |  4.2
Fighting       | 3 |  3.7

Action                   |  1- 3 |  4- 6 || total
-------------------------+-------+-------++-------
Melee: Short sword       |     9 |    73 ||    82
       Dagger            |       |     8 ||     8
 Fire: Hand crossbow     |    39 |    38 ||    77
  Use: Scroll            |     2 |     1 ||     3
Armor: Leather armour    |     4 |    13 ||    17
Dodge: Dodged            |    18 |    71 ||    89

Table legend: (Time is in decaauts)
 A = Elapsed time spent in this place.
 B = Non-inter-level travel time spent in this place.
 C = Inter-level travel time spent in this place.
 D = Time resting spent in this place.
 E = Time spent auto-exploring this place.
 F = Levels seen in this place.
 G = Mean time per level.
                   A        B        C        D        E       F      G
               +--------+--------+--------+--------+--------+-----+--------+
         Total |   5208 |   4860 |    348 |   1237 |   2824 |   5 | 1041.6 |
       Dungeon |   4954 |   4665 |    289 |   1237 |   2632 |   4 | 1238.5 |
        Temple |    253 |    194 |     59 |      0 |    192 |   1 |  253.0 |
               +--------+--------+--------+--------+--------+-----+--------+

Top non-repeatable levels by time:
     D:3: 2019 daAuts
     D:2: 1322 daAuts
     D:4: 917 daAuts
     D:1: 696 daAuts
  Temple: 253 daAuts
